 Dungeon Crawl Stone Soup version 0.17-a0-1923-gc35365e (webtiles) character file.

53 musteatbrain the Gusty (level 3, -11/19 HPs)
             Began as a Tengu Air Elementalist on Sept 28, 2015.
             Mangled by a crimson imp
             ... wielding a +0 dagger of chaos
              (21 damage)
             ... on level 3 of the Dungeon.
             The game lasted 00:07:14 (2439 turns).

musteatbrain the Gusty (Tengu Air Elementalist)     Turns: 2439, Time: 00:07:14

Health: -11/19     AC:  2    Str:  8    XL:     3   Next: 87%
Magic:  0/7        EV: 12    Int: 19    God:
Gold:   66         SH:  0    Dex: 14    Spells: 1 memorised, 5 levels left

rFire  . . .     SeeInvis .     e - +0 dagger
rCold  . . .     Clarity  .     a - +0 robe
rNeg   . . .     SustAt   .     (no shield)
rPois  .         Gourm    .     (helmet restricted)
rElec  .         Spirit   .     (no cloak)
rCorr  .         Warding  .     (no gloves)
rMut   .         Stasis   .     (boots unavailable)
MR     .....                    (no amulet)
Stlth  ++........               (no ring)
                                j - +3 ring of intelligence

@: drained, not resistant to hostile enchantments, unstealthy
A: beak, talons 3
a: no special abilities


You were on level 3 of the Dungeon.
You were not hungry.

You visited 1 branch of the dungeon, and saw 3 of its levels.

You collected 66 gold pieces.

Inventory:

Hand weapons
 e - a +0 dagger (weapon)
 i - a +0 club
Armour
 a - a +0 robe (worn)
Jewellery
 j - a +3 ring of intelligence (left hand)
 m - a cursed -6 ring of dexterity {unknown}
Scrolls
 d - a scroll of remove curse
 f - 3 scrolls of identify {unknown}
 g - a scroll of teleportation {unknown}
 o - a scroll of random uselessness {unknown}
Potions
 h - 2 potions of curing
 k - a potion of invisibility {unknown}
 n - 2 potions of lignification {unknown}
Books
 b - a book of Air

   Spells                             Type                      Level
   a - Shock                          Conjuration/Air              1
   b - Swiftness                      Charms/Air                   2
   c - Repel Missiles                 Charms/Air                   2
   d - Static Discharge               Conjuration/Air              3
   e - Lightning Bolt                 Conjuration/Air              5
Comestibles
 c - 3 bread rations
 l - a beef jerky
 p - 2 fruits


   Skills:
 - Level 2.1(1.9) Dodging
 - Level 2.0(1.7) Stealth
 - Level 2.3(2.1) Spellcasting
 - Level 2.8(2.5) Conjurations
 + Level 5.3(5.0) Air Magic


You had 5 spell levels left.
You knew the following spells:

 Your Spells              Type           Power        Failure   Level  Hunger
a - Shock                 Conj/Air       ###.         4%          1    #......


Dungeon Overview and Level Annotations

Branches:
Dungeon (3/15)

Altars:
Xom


Innate Abilities, Weirdness & Mutations

You have a beak for a mouth.
You have claws for feet.


Message History

The crimson imp is moderately wounded.
The crimson imp hits you with a dagger of chaos.
You feel drained.
Casting: Shock
Confirm with . or Enter, or press ? or * to list all spells.
Aiming: Shock
Press: ? - help, Shift-Dir - straight line, f/p - crimson imp
Aim: a crimson imp, wielding a dagger of chaos (moderately wounded)
The zap misses the crimson imp.
The crimson imp closely misses you.
Casting: Shock
Confirm with . or Enter, or press ? or * to list all spells.
Aiming: Shock
Press: ? - help, Shift-Dir - straight line, f/p - crimson imp
Aim: a crimson imp, wielding a dagger of chaos (moderately wounded)
The zap hits the crimson imp.
The crimson imp is heavily wounded.
The crimson imp hits you with a dagger of chaos.
Space warps horribly around you!
Ouch! That really hurt!
You die...

##...##
##<....######
#.......#.#.#
#........#.#.#
+........#...#
#........'._.+
##.......#...#
##.....##^#5#
##...###.#@#
##+# #####


You could see a crimson imp.

Vanquished Creatures
  2 adders (D:2)
  A giant gecko (D:1)
  2 giant cockroaches
  3 goblins
  6 hobgoblins
  A quokka (D:2)
  5 bats
  A giant newt (D:1)
  4 jackals
  5 kobolds
  7 rats
37 creatures vanquished.

Notes
Turn   | Place    | Note
--------------------------------------------------------------
     0 | D:1      | musteatbrain the Tengu Air Elementalist began the quest for the Orb.
     0 | D:1      | Reached XP level 1. HP: 10/10 MP: 4/4
   343 | D:1      | Reached XP level 2. HP: 4/15 MP: 3/6
  1222 | D:2      | Reached XP level 3. HP: 12/19 MP: 7/7
  2202 | D:2      | Reached skill level 5 in Air Magic
  2418 | D:3      | Found a shimmering altar of Xom.
  2426 | D:3      | Paralysed by a crimson imp for 6 turns
  2439 | D:3      | Mangled by a crimson imp

Vault maps used:
D:1:      shiori_shiawase, serial_forest, infiniplex_forest_clump_tiny,
          infiniplex_forest_corner_1, infiniplex_forest_end_2,
          infiniplex_forest_lined_corner, infiniplex_forest_clump_large,
          infiniplex_forest_lined_ring, infiniplex_forest_zigzag_1,
          infiniplex_forest_lined_2
D:2:      first_bread
D:3:      grunt_dithmenos_smoke, led_xom_imps, lemuel_crystal_altar,
          uniq_grinder

Action                   || total
-------------------------++-------
Melee: Dagger            ||    78
 Cast: Shock             ||    38
  Use: Scroll            ||     1
       Potion            ||     1
 Stab: Sleeping          ||     8
  Eat: Chunk             ||     2
       Meat ration       ||     1
       Pizza             ||     1
